 Dungeon Crawl Stone Soup version 0.31-a0-662-g684573625c (webtiles) character file.

Game seed: 6025867146207606190

401 ytrimaz the Insei (level 6, 0/64 HPs)
             Began as a Demonspawn Shapeshifter on Aug 31, 2023.
             Slain by a scorpion (2 damage)
             ... on level 5 of the Dungeon.
             The game lasted 00:04:27 (4234 turns).

ytrimaz the Insei (Demonspawn Shapeshifter)         Turns: 4234, Time: 00:04:28

Health: 0/64       AC: 23    Str: 14    XL:     6   Next: 54%
Magic:  5/6        EV:  2    Int: 12    God:
Gold:   212        SH:  0    Dex: 14    Spells: 3/5 levels left

rFire   + .          .
                       - Unarmed
rCold   . . .        (no shield)
rNeg    . . .        C - melded +1 robe {rC+ rF+}
rPois   +            (helmet currently unavailable)
rElec   .            (cloak currently unavailable)
rCorr   .            (gloves currently unavailable)
SInv    .            (boots currently unavailable)
Will    .....        (no amulet)
Stlth   +            B - ring of protection from fire
HPRegen 0.30/turn    x - ring of wizardry
MPRegen 0.10/turn

%: wizardry (x1)
@: lethally poisoned (0 -> -12), tree-form
A: stationary, stasis, torment immunity, boosted hp, (spiny 1), (weakness
stinger 1)
a: no special abilities


You were on level 5 of the Dungeon.
You were a tree.
You visited 1 branch of the dungeon, and saw 5 of its levels.

You collected 212 gold pieces.


Innate Abilities, Weirdness & Mutations

You are a tree.
Your roots penetrate the ground, keeping you stationary.
You cannot be teleported.
You are immune to unholy pain and torment.
Your maximum health is greatly increased.
Your equipment is partially melded.
((You are partially covered in sharp spines.))
((You have a small tail.))


   Skills:
 - Level 1.0 Fighting
 + Level 4.3 Dodging
 + Level 4.7 Unarmed Combat
 + Level 2.4 Transmutations
 - Level 2.6 Shapeshifting


You had 3 spell levels left.
You knew the following spells:

 Your Spells              Type           Power      Damage    Failure   Level
a - Wereblood             Tmut           5%         N/A       8%          2

Your spell library contained the following spells:

 Spells                   Type           Power      Damage    Failure   Level
 Cigotuvi's Dreadful Rot  Necr/Pois/Air  0%         N/A       21%         2
 Ignite Poison            Fire/Tmut/Pois 1%         N/A       28%         3
 Irradiate                Conj/Tmut      1%         3d12      89%         5
 Freezing Cloud           Conj/Ice/Air   0%         6-21      97%         5

Inventory:

Missiles
 l - a throwing net
Armour
 a - a +0 animal skin
 k - a +2 helmet
   (You found it on level 1 of the Dungeon)
 y - the +0 plate armour "Nojomor" {Dex+4 Slay+2}
   (You found it on level 4 of the Dungeon)

   Dex+4:     It affects your dexterity (+4).
   Slay+2:    It affects your accuracy & damage with ranged weapons and melee
   (+2).
 C - a +1 robe of resistance (melded)
   (You found it on level 5 of the Dungeon)
Jewellery
 q - a +6 ring of intelligence
   (You found it on level 2 of the Dungeon)
 x - a ring of wizardry (right branch)
   (You found it on level 4 of the Dungeon)
 B - a ring of protection from fire (left branch)
   (You found it on level 5 of the Dungeon)
Talismans
 c - a beast talisman
 d - a flux talisman
Wands
 A - a wand of charming (9)
   (You found it on level 5 of the Dungeon)
 D - a wand of digging (5)
   (You found it on level 5 of the Dungeon)
Scrolls
 e - 6 scrolls of identify {unknown}
 f - a scroll of immolation {unknown}
 j - a scroll of revelation {unknown}
 m - 3 scrolls of teleportation {unknown}
 o - a scroll of amnesia {unknown}
 p - a scroll of poison {unknown}
 r - a scroll of noise {unknown}
 s - 2 scrolls of fog {unknown}
 t - a scroll of brand weapon {unknown}
Potions
 b - a potion of lignification
 g - 2 potions of cancellation
 h - 2 potions of attraction {unknown}
 i - a potion of degeneration {unknown}
 n - a potion of haste {unknown}
 u - a potion of ambrosia {unknown}
 v - a potion of mutation {unknown}
 w - 2 potions of resistance {unknown}
 z - a potion of curing {unknown}

Dungeon Overview and Level Annotations

Branches:
Dungeon (5/15) Zot: 25767
 Temple: D:4-7

Altars:

Shops:
D:4 [

Portals:
Ossuary: D:5

##### ###..... ##.....
.########### .......
..#.......###
#...āˆ©..###.#.##......#
#.$......#.#.##.##.#.#
......sā™£........##.#.##
#..........#.#####..#.##
...........#.....<.###.#
...#.....##########.#.##
## #..#### ##..# #.. ##.#
#.. #.# ... #.# #.#


You could see a scorpion.


Message History

You punch the quokka!
You feel a bit better.
You kill the quokka!
You howl as the wereblood boils in your veins! šŸ˜• HP[+3]
You regained 3 hp, and now have 42/43 hp.
No target in view!
You see here a quokka corpse.
Unknown command.
No target in view!
You howl as the wereblood boils in your veins!
Your primal bloodlust is almost over.
Your primal bloodlust has ended.
Key pressed, stopping explore.
w - 2 silvery potions (gained 1)
e - 6 scrolls labelled DEUMOE VEOMMI (gained 1)
You hear the hiss of a distant avalanche of sand.
Key pressed, stopping explore.
Found an escape hatch in the ceiling. šŸ˜Ž HP[+1] MP[+2]
Your hp is fully restored (43).
Your mp is fully restored (6).
D - a wand of digging (5)
You now have 212 gold pieces (gained 10).
You hear the hiss of an avalanche of sand very nearby.
A dart slug comes into view.
Found a sand-covered staircase.
A dart slug is nearby!
Unknown command.
A scorpion comes into view.
Your blood is infused with primal strength. šŸ˜Ž MP[-2]
You lost 2 mp, and now have 4/6 mp.
You hit the dart slug. The dart slug is struck by your spines.
You kill the dart slug!
You hit the scorpion. The scorpion stings you.
You are poisoned.
The scorpion poisons you! šŸ˜• HP[-5]
You take 5 damage, and now have 38/43 hp.
You hit the scorpion.
You feel very sick. The scorpion stings you. šŸ˜® HP[-9]
You take 9 damage, and now have 29/43 hp.
MASSIVE DAMAGE!! (PAUSE)
You hit the scorpion but do no damage.
You feel sick.
The scorpion stings you but does no damage. šŸ˜® HP[-2]
You take 2 damage, and now have 27/43 hp.
You are too injured to fight recklessly!
You hit the scorpion.
You feel sick. The scorpion stings you.
* * * LOW HITPOINT WARNING * * *
You are more poisoned.
The scorpion poisons you! šŸ˜Ø HP[-7]
You take 7 damage, and now have 20/43 hp.
You hit the scorpion but do no damage.
You feel very sick. The scorpion is struck by your spines.
The scorpion stings you.
* * * LOW HITPOINT WARNING * * *
šŸ˜Ø HP[-4]
You take 4 damage, and now have 16/43 hp.
Unknown command.
You hit the scorpion.
You feel very sick. The scorpion misses you. šŸ˜Ø HP[-3]
You take 3 damage, and now have 13/43 hp.
Unknown command.
You hit the scorpion.
Your tail-slap misses the scorpion.
You feel sick. The scorpion misses you. šŸ˜Ø HP[-2]
You take 2 damage, and now have 11/43 hp.
Unknown command.
It was a potion of cancellation.
Your magical effects are unravelling.
You feel magically purged.
Your primal bloodlust has ended.
You feel sick. The scorpion stings you.
* * * LOW HITPOINT WARNING * * *
The scorpion stings you.
* * * LOW HITPOINT WARNING * * *
You are lethally poisoned!
The scorpion poisons you! šŸ˜± HP[-5] MP[+1]
You take 5 damage, and now have 6/43 hp.
Your transformation has ended.
You turn into a tree.
Your +1 robe of resistance melds into your body.
You feel hot and cold all over.
Your roots penetrate the ground.
* * * LOW HITPOINT WARNING * * *
You feel very sick.
The scorpion stings you but does no damage. šŸ˜± HP[-1]
You now have 64 max hp (+21).
Unknown command.
You closely miss the scorpion.
* * * LOW HITPOINT WARNING * * *
You feel very sick. The scorpion stings you.
You die...

Skill      XL: |  1  2  3  4  5 |
---------------+----------------+-----
Dodging        | 2 3 4 |  4.3
Unarmed Combat | 3 4 |  4.7
Transmutations | 2 |  2.4
Fighting       | |  1.0
Shapeshifting  | |  2.6

Action                     |  1- 3 |  4- 6 || total
---------------------------+-------+-------++-------
  Melee: Unarmed           |    90 |   158 ||   248
         Tailslap          |     9 |    22 ||    31
         Punch             |     1 |     4 ||     5
   Cast: Wereblood         |       |     4 ||     4
    Use: Potion            |       |     2 ||     2
   Stab: Sleeping          |     2 |     1 ||     3
 Armour: Animal skin       |    44 |    65 ||   109
         Plate armour      |       |    17 ||    17
         Robe              |       |     8 ||     8
         Skin              |       |     2 ||     2
  Dodge: Dodged            |    52 |    87 ||   139

Levels and vault maps discovered:
D:1:      dpeg_arrival_round_a, layout_loops_corners
D:2:      layout_basic, minmay_quantized, uniq_natasha
D:3:      layout_loops_cross
D:4:      layout_cave_pods, serial_shops, shop
D:5:      layout_loops_cross, mainiacjoe_overflow_six_doors_small,
          minmay_temple_entry_mist, enter_ossuary_1, minmay_misc_feat_tower,
          uniq_grinder

Notes
Turn   | Place    | Note
-------+----------+-------------------------------------------
     0 | D:1      | ytrimaz the Demonspawn Shapeshifter began the quest for the
                  | Orb.
     0 | D:1      | Reached XP level 1. HP: 15/15 MP: 1/1
     0 | D:1      | magus.rc [v1.9.6]
    48 | D:1      | You fall into a shaft and drop 1 floor!
    97 | D:2      | Reached skill level 2 in Dodging
   168 | D:2      | Reached skill level 3 in Unarmed Combat
   172 | D:2      | Gained mutation: You have a small tail. [demonic ancestry]
   172 | D:2      | Reached XP level 2. HP: 14/21 MP: 2/2
   212 | D:2      | You add the spells Cigotuvi's Dreadful Rot, Ignite Poison
                  | and Freezing Cloud to your library.
   877 | D:1      | Reached XP level 3. HP: 25/26 MP: 3/3
  1631 | D:2      | Noticed Natasha
  1645 | D:2      | HP: 6/26 [Natasha (2)]
  1647 | D:2      | Killed Natasha
  1780 | D:2      | You pick up a book of Changes and begin reading...
  1780 | D:2      | You add the spells Wereblood and Irradiate to your library.
  1811 | D:2      | Reached skill level 3 in Dodging
  1889 | D:2      | Noticed Natasha
  1903 | D:2      | Killed Natasha
  1904 | D:2      | Reached XP level 4. HP: 20/32 MP: 4/4
  1971 | D:2      | Learned a level 2 spell: Wereblood
  2380 | D:3      | Reached skill level 4 in Unarmed Combat
  2417 | D:3      | HP: 8/32 [poisoned by an adder]
  2419 | D:3      | Reached XP level 5. HP: 9/37 MP: 5/5
  2563 | D:3      | Reached skill level 1 in Transmutations
  2783 | D:4      | HP: 9/37 [hound (3)]
  2969 | D:4      | Found Hiotoexeme's Armour Boutique.
  3226 | D:4      | Identified the +0 plate armour "Nojomor" {Dex+4 Slay+2}
  3326 | D:4      | Reached skill level 4 in Dodging
  3326 | D:4      | Reached skill level 2 in Transmutations
  3326 | D:4      | Gained mutation: You are partially covered in sharp spines.
                  | [demonic ancestry]
  3326 | D:4      | Reached XP level 6. HP: 25/43 MP: 6/6
  3962 | D:5      | Entered Level 5 of the Dungeon
  4218 | D:5      | Found a sand-covered staircase.
  4232 | D:5      | HP: 9/43 [poisoned by a scorpion]
  4234 | D:5      | HP: 2/64 [poisoned by a scorpion]
  4234 | D:5      | Slain by a scorpion

Vanquished Creatures
  A howler monkey (D:4)
  A jelly (D:5)
  3 hounds (D:4)
  2 iguanas (D:4)
  Natasha (twice) (D:2)
  5 adders (D:3)
  A worm (D:3)
  4 dart slugs
  9 orcs
  4 endoplasms
  3 giant cockroaches
  7 goblins
  4 hobgoblins
  3 jackals (D:4)
  8 quokkas
  7 ball pythons
  3 bats
  4 frilled lizards
  3 kobolds
  6 rats
80 creatures vanquished.

Table legend:
 A = Non-vault XP
 B = Vault XP
 C = Vault XP percentage of total XP
 D = Non-vault monster count
 E = Vault monster count
 F = Vault count percentage of total count
                 A         B        C        D         E       F
            +---------+---------+-------+---------+---------+-------
      Total |     534 |      39 |   6.8 |      76 |       4 |   5.0
            +---------+---------+-------+---------+---------+-------
        D:1 |      30 |       0 |   0.0 |      16 |       0 |   0.0
        D:2 |      53 |      39 |  42.4 |      14 |       4 |  22.2
        D:3 |     100 |       0 |   0.0 |      19 |       0 |   0.0
        D:4 |     298 |       0 |   0.0 |      23 |       0 |   0.0
        D:5 |      53 |       0 |   0.0 |       4 |       0 |   0.0
            +---------+---------+-------+---------+---------+-------

Skill      XL: |  1  2  3  4  5 |
---------------+----------------+-----
Dodging        | 2 3 4 |  4.3
Unarmed Combat | 3 4 |  4.7
Transmutations | 2 |  2.4
Fighting       | |  1.0
Shapeshifting  | |  2.6

Action                     |  1- 3 |  4- 6 || total
---------------------------+-------+-------++-------
  Melee: Unarmed           |    90 |   158 ||   248
         Tailslap          |     9 |    22 ||    31
         Punch             |     1 |     4 ||     5
   Cast: Wereblood         |       |     4 ||     4
    Use: Potion            |       |     2 ||     2
   Stab: Sleeping          |     2 |     1 ||     3
 Armour: Animal skin       |    44 |    65 ||   109
         Plate armour      |       |    17 ||    17
         Robe              |       |     8 ||     8
         Skin              |       |     2 ||     2
  Dodge: Dodged            |    52 |    87 ||   139

Illustrated notes

Table legend:
 A = Kills in this place as a percentage of kills in the entire game.
 B = Kills by you in this place as a percentage of kills by you in the entire game.
 C = Kills by friends in this place as a percentage of kills by friends in the entire game.
 D = Other kills in this place as a percentage of other kills in the entire game.
 E = Experience gained in this place as a percentage of experience gained in the entire game.
 F = Experience gained in this place divided by the number of levels of this place that you have seen.
                   A       B       C       D       E      F
               +-------+-------+-------+-------+-------+----------------------
         Total | 100.0 | 100.0 |   N/A |   N/A | 100.0 | 114.6
       Dungeon | 100.0 | 100.0 |   N/A |   N/A | 100.0 | 114.6
               +-------+-------+-------+-------+-------+----------------------

Table legend: (Time is in decaauts)
 A = Elapsed time spent in this place.
 B = Non-inter-level travel time spent in this place.
 C = Inter-level travel time spent in this place.
 D = Time resting spent in this place.
 E = Time spent auto-exploring this place.
 F = Levels seen in this place.
 G = Mean time per level.
                   A        B        C        D        E       F      G
               +--------+--------+--------+--------+--------+-----+--------+
         Total |   4232 |   4026 |    206 |      5 |   3376 |   5 |  846.4 |
       Dungeon |   4232 |   4026 |    206 |      5 |   3376 |   5 |  846.4 |
               +--------+--------+--------+--------+--------+-----+--------+

Top non-repeatable levels by time:
     D:4: 1191 daAuts
     D:1: 1099 daAuts
     D:2: 890 daAuts
     D:3: 781 daAuts
     D:5: 269 daAuts
